 Dungeon Crawl Stone Soup version 0.26-a0-1033-gd598b01645 (webtiles) character file.

Game seed: 3115564715761518390

1836 Gargoyl the Skirmisher (level 9, -9/73 HPs)
             Began as a Gnoll Abyssal Knight on Dec 10, 2020.
             Was a Priest of Lugonu.
             Mangled by a rust devil (10 damage)
             ... on level 6 of the Dungeon.
             The game lasted 00:08:27 (6807 turns).

Gargoyl the Skirmisher (Gnoll Abyssal Knight)       Turns: 6807, Time: 00:08:28

Health: -9/73      AC: -39   Str: 23    XL:     9   Next: 11%
Magic:  0/14       EV:  8    Int: 19    God:    Lugonu [***...]
Gold:   76         SH:  0    Dex: 12    Spells: 15/15 levels left

rFire    . . .     SeeInvis .   x - +9 whip of the Past {vorpal, +Blink rPois rN++ Int+4 Dex-3}
rCold    . . .     Faith    .   (no shield)
rNeg     + + .     Spirit   +   b - +0 plate armour
rPois    +         Reflect  .   (no helmet)
rElec    .         Harm     .   o - +1 cloak
rCorr    .         Rampage  .   (no gloves)
Will     .....                  d - +0 pair of boots
Stlth    ..........             q - amulet of guardian spirit
HPRegen  0.22/turn              k - +6 ring of strength
MPRegen  0.14/turn              e - +4 ring of protection

@: mighty, corroded
A: distributed training, fangs 1, strong nose
a: Depart the Abyss, Bend Space, Banish, Renounce Religion, Evoke Blink


You were on level 6 of the Dungeon.
You worshipped Lugonu.
Lugonu was most pleased with you.
You visited 1 branch of the dungeon, and saw 6 of its levels.
You visited the Abyss 1 time.

You collected 290 gold pieces.
You spent 214 gold pieces at shops.

Inventory:

Hand Weapons
 a - a +4 hand axe
 x - the +9 whip of the Past (weapon) {vorpal, +Blink rPois rN++ Int+4 Dex-3}
   (You found it on level 4 of the Dungeon)

   It inflicts extra damage upon your enemies.
   It affects your intelligence (+4).
   It affects your dexterity (-3).
   It protects you from poison.
   It greatly protects you from negative energy.
   It lets you blink.
Missiles
 f - 8 poisoned darts
Armour
 b - a +0 plate armour (worn)
 d - a +0 pair of boots (worn)
 o - a +1 cloak (worn)
Jewellery
 e - a +4 ring of protection (right hand)
 k - a +6 ring of strength (left hand)
 q - an amulet of guardian spirit (around neck)
Wands
 s - a wand of paralysis (3)
Scrolls
 c - a scroll of fear
 l - a scroll of identify
 m - 2 scrolls of remove curse
 u - a scroll of enchant armour
 z - a scroll of teleportation
Potions
 h - 2 potions of brilliance
 i - a potion of mutation {unknown}
 j - a potion of flight {unknown}
 n - 5 potions of curing
 p - a potion of magic {unknown}
 r - a potion of attraction {unknown}
 v - a potion of degeneration {unknown}
 w - a potion of haste {unknown}


   Skills:
 + Level 7.7 Fighting
 + Level 3.9 Short Blades
 + Level 3.9 Long Blades
 + Level 6.1 Axes
 + Level 3.9 Maces & Flails
 + Level 3.9 Polearms
 + Level 3.9 Staves
 + Level 3.9 Slings
 + Level 3.9 Bows
 + Level 3.9 Crossbows
 + Level 3.9 Throwing
 + Level 6.1 Armour
 + Level 4.7 Dodging
 + Level 3.9 Stealth
 + Level 3.9 Shields
 + Level 3.9 Unarmed Combat
 + Level 3.9 Spellcasting
 + Level 3.2 Conjurations
 + Level 3.2 Hexes
 + Level 3.2 Summonings
 + Level 3.2 Necromancy
 + Level 3.2 Translocations
 + Level 3.2 Transmutations
 + Level 3.2 Fire Magic
 + Level 3.2 Ice Magic
 + Level 3.2 Air Magic
 + Level 3.2 Earth Magic
 + Level 3.2 Poison Magic
 + Level 6.3 Invocations
 + Level 3.9 Evocations


You had 15 spell levels left.
You didn't know any spells.
Your spell library contained the following spells:

 Spells                   Type           Power        Failure   Level
 Summon Lightning Spire   Summ/Air       ###.....     99%         4
 Silence                  Hex/Air        ###.......   100%        5
 Conjure Ball Lightning   Conj/Air       ###.......   100%        6
 Tornado                  Air            ###.......   100%        9


Dungeon Overview and Level Annotations

Branches:
Dungeon (6/15)
 Temple: D:4-7

Altars:
Kikubaaqudgha
Nemelex Xobeh
Zin
The Shining One

Shops:
D:4 !!!

Annotations:
D:4 1 runed translucent door, Zarkath's ghost, amateur DsDe


Innate Abilities, Weirdness & Mutations

Your experience applies equally to all skills.
You have very sharp teeth.
Your uncanny sense of smell can sniff out nearby items.


Message History

* * * LOW HITPOINT WARNING * * *
The rust devil corrodes you!
You hit the rust devil but do no damage.
The rust devil is almost dead.
The rust devil hits you!
* * * LOW HITPOINT WARNING * * *
The rust devil corrodes you!
You barely miss the rust devil.
The rust devil is almost dead.
You hit the rust devil but do no damage.
You bite the rust devil, but do no damage.
The rust devil is almost dead.
The rust devil hits you!
* * * LOW HITPOINT WARNING * * *
The rust devil corrodes you!
You closely miss the rust devil.
You bite the rust devil, but do no damage.
The rust devil is almost dead.
The rust devil hits you!
You die...

.........##.........##
.[........#..........#
..........####.....###
.......).....#.....##
#................?..#
.###.......<)..##..##
##......[...#####
#......<....###
.....#..4@.....#
......#.........#
.#.......##....##
......?..#...###
........## ....
......... .....
.?....... .....
...⌠.⌠... .#....
##........_.....


You could see a rust devil.

Vanquished Creatures
  Eustachio (D:3)
  Duvessa (D:4)
  A sky beast (D:5)
  2 orc warriors
  2 phantoms
  A black bear (D:6)
  2 ogres
  Blork the orc (D:5)
  A bullfrog (D:6)
  Dowan (D:4)
  A scorpion (D:5)
  A howler monkey (D:4)
  A bullfrog zombie (D:5)
  A jelly (D:5)
  3 orc priests
  2 bullfrog skeletons (D:4)
  3 orc wizards
  An iguana (D:4)
  Ijyb (D:3)
  2 worker ants
  6 gnolls
  5 adders
  An ooze (D:4)
  2 adder skeletons (D:4)
  2 worms
  2 dart slugs (D:1)
  2 leopard geckos
  12 orcs
  4 giant cockroaches
  14 hobgoblins
  6 jackals
  5 kobolds
  2 quokkas (D:3)
  2 ball pythons
  6 bats
  9 frilled lizards
  12 goblins
  6 rats
127 creatures vanquished.

Notes
Turn   | Place    | Note
-------+----------+-------------------------------------------
     0 | Abyss:1  | Gargoyl the Gnoll Abyssal Knight began the quest for the
                  | Orb.
     0 | Abyss:1  | Reached XP level 1. HP: 23/23 MP: 3/3
   106 | Abyss:1  | Noticed a starcursed mass
   113 | Abyss:1  | Noticed a small abomination
   116 | D:1      | Escaped the Abyss
   328 | D:1      | Reached XP level 2. HP: 26/29 MP: 5/5
   563 | D:1      | Reached * piety under Lugonu
   871 | D:1      | Reached XP level 3. HP: 33/35 MP: 6/6
  1362 | D:2      | Reached skill level 1 in Short Blades
  1362 | D:2      | Reached skill level 1 in Long Blades
  1362 | D:2      | Reached skill level 1 in Maces & Flails
  1362 | D:2      | Reached skill level 1 in Polearms
  1362 | D:2      | Reached skill level 1 in Staves
  1362 | D:2      | Reached skill level 1 in Slings
  1362 | D:2      | Reached skill level 1 in Bows
  1362 | D:2      | Reached skill level 1 in Crossbows
  1362 | D:2      | Reached skill level 1 in Throwing
  1362 | D:2      | Reached skill level 1 in Stealth
  1362 | D:2      | Reached skill level 1 in Shields
  1362 | D:2      | Reached skill level 1 in Unarmed Combat
  1362 | D:2      | Reached skill level 1 in Spellcasting
  1362 | D:2      | Reached skill level 1 in Evocations
  1370 | D:2      | Reached XP level 4. HP: 35/41 MP: 7/7
  1573 | D:2      | Found a glowing golden altar of the Shining One.
  2146 | D:3      | Reached ** piety under Lugonu
  2147 | D:3      | Reached skill level 1 in Conjurations
  2147 | D:3      | Reached skill level 1 in Hexes
  2147 | D:3      | Reached skill level 1 in Summonings
  2147 | D:3      | Reached skill level 1 in Necromancy
  2147 | D:3      | Reached skill level 1 in Translocations
  2147 | D:3      | Reached skill level 1 in Transmutations
  2147 | D:3      | Reached skill level 1 in Fire Magic
  2147 | D:3      | Reached skill level 1 in Ice Magic
  2147 | D:3      | Reached skill level 1 in Air Magic
  2147 | D:3      | Reached skill level 1 in Earth Magic
  2147 | D:3      | Reached skill level 1 in Poison Magic
  2402 | D:3      | Reached XP level 5. HP: 25/47 MP: 4/8
  2810 | D:3      | Noticed Ijyb
  2821 | D:3      | Paralysed by Ijyb for 3 turns
  2826 | D:3      | Killed Ijyb
  2836 | D:3      | Noticed a phantom
  2860 | D:3      | Killed a phantom
  2861 | D:3      | Reached skill level 5 in Invocations
  2861 | D:3      | Reached XP level 6. HP: 49/53 MP: 7/9
  2887 | D:3      | Found a glowing silver altar of Zin.
  3337 | D:4      | Noticed a phantom
  3338 | D:4      | Found Querr's Distillery.
  3355 | D:4      | You fall into a shaft and drop 2 floors!
  3368 | D:6      | Noticed a black bear
  3388 | D:6      | Killed a black bear
  3389 | D:6      | Reached skill level 5 in Axes
  3389 | D:6      | Reached skill level 5 in Armour
  3594 | D:5      | Entered Level 5 of the Dungeon
  3594 | D:5      | Noticed an orc warrior
  3594 | D:5      | Noticed an orc warrior
  3594 | D:5      | Noticed a rust devil
  3594 | D:5      | Noticed a rust devil
  3598 | D:5      | Reached XP level 7. HP: 56/59 MP: 10/10
  3609 | D:6      | Reached skill level 7 in Fighting
  3740 | D:6      | Found a sparkling altar of Nemelex Xobeh.
  4206 | D:4      | Found an ancient bone altar of Kikubaaqudgha.
  4207 | D:4      | You fall into a shaft and drop 2 floors!
  4359 | D:4      | Noticed Duvessa
  4359 | D:4      | Noticed Blork the orc
  4359 | D:4      | Noticed Dowan
  4373 | D:5      | Killed Blork the orc
  4645 | D:4      | Reached XP level 8. HP: 63/67 MP: 9/12
  4762 | D:4      | Bought a potion of curing for 42 gold pieces
  4762 | D:4      | Bought a potion of curing for 42 gold pieces
  4796 | D:4      | Reached *** piety under Lugonu
  4817 | D:4      | Noticed Eustachio
  4842 | D:4      | Got an ancient whip
  4924 | D:3      | Identified the +9 whip of the Past {vorpal, +Blink rPois
                  | rN++ Int+4 Dex-3} (You found it on level 4 of the Dungeon)
  4939 | D:3      | Killed Eustachio
  4955 | D:4      | Killed Duvessa
  4961 | D:4      | Killed Dowan
  5130 | D:4      | Found Tozuemp's Distillery.
  5229 | D:4      | Bought a potion of heal wounds for 65 gold pieces
  5235 | D:4      | Found Luqih's Distillery.
  5249 | D:4      | Bought a potion of heal wounds for 65 gold pieces
  5361 | D:4      | Found a runed translucent door.
  5365 | D:4      | Noticed Zarkath's ghost (amateur DsDe)
  5444 | D:4      | Found a sparkling altar of Nemelex Xobeh.
  5905 | D:5      | Reached XP level 9. HP: 29/72 MP: 11/14
  6799 | D:6      | HP: 2/73 [rust devil (10)]
  6806 | D:6      | HP: 1/73 [rust devil (8)]
  6807 | D:6      | Mangled by a rust devil

Illustrated notes

Levels and vault maps discovered:
D:1:      dpeg_arrival_shelter, layout_basic
D:2:      layout_basic, nicolae_tso_swordbearing_angel
D:3:      layout_loops_corners, overflow_temple_1_default, uniq_ijyb
D:4:      layout_basic, nicolae_overflow_hidden_temple, serial_shops,
          nicolae_shop_waterfront, shop_fountains, nicolae_shop_statue_plus,
          enter_ossuary_5, hellmonk_ghost_happy_afterlife,
          nemelex_spade_bored_becter, uniq_duvessa, uniq_eustachio,
          uniq_blork_the_orc
D:5:      cheibrodos_iron_armory, layout_layer_cave, kennysheep_generic_room_5
D:6:      cheibrodos_barr_body, layout_cave_pools, lemuel_crystal_altar,
          kennysheep_mini, lemuel_crystal_altar,
          nemelex_xobeh_ov_fountains_minmay, lemuel_coloured_pillars_altar

Skill      XL: |  1  2  3  4  5  6  7  8 |
---------------+-------------------------+-----
Short Blades   | 1 2 3 |  3.9
Long Blades    | 1 2 3 |  3.9
Maces & Flails | 1 2 3 |  3.9
Polearms       | 1 2 3 |  3.9
Staves         | 1 2 3 |  3.9
Slings         | 1 2 3 |  3.9
Bows           | 1 2 3 |  3.9
Crossbows      | 1 2 3 |  3.9
Throwing       | 1 2 3 |  3.9
Stealth        | 1 2 3 |  3.9
Shields        | 1 2 3 |  3.9
Unarmed Combat | 1 2 3 |  3.9
Spellcasting   | 1 2 3 |  3.9
Evocations     | 1 2 3 |  3.9
Conjurations   | 1 2 3 |  3.2
Hexes          | 1 2 3 |  3.2
Summonings     | 1 2 3 |  3.2
Necromancy     | 1 2 3 |  3.2
Translocations | 1 2 3 |  3.2
Transmutations | 1 2 3 |  3.2
Fire Magic     | 1 2 3 |  3.2
Ice Magic      | 1 2 3 |  3.2
Air Magic      | 1 2 3 |  3.2
Earth Magic    | 1 2 3 |  3.2
Poison Magic   | 1 2 3 |  3.2
Dodging        | 3 4 |  4.7
Invocations    | 5 6 |  6.3
Axes           | 5 6 |  6.1
Armour         | 5 6 |  6.1
Fighting       | 7 |  7.7

Action                   |  1- 3 |  4- 6 |  7- 9 || total
-------------------------+-------+-------+-------++-------
Melee: Hand axe          |    95 |   139 |    88 ||   322
       Bite              |    10 |    18 |    29 ||    57
       Punch             |       |     1 |     6 ||     7
       Whip              |       |       |   140 ||   140
Invok: Depart the Abyss  |     1 |       |       ||     1
Evoke: Wand              |       |       |     2 ||     2
  Use: Scroll            |     3 |     7 |     6 ||    16
       Potion            |       |       |     5 ||     5
 Stab: Paralysed         |       |       |     7 ||     7
Armor: Chain mail        |    57 |   115 |       ||   172
       Plate armour      |       |       |   162 ||   162
       Skin              |       |       |     5 ||     5
Dodge: Dodged            |    34 |    94 |    92 ||   220

Table legend: (Time is in decaauts)
 A = Elapsed time spent in this place.
 B = Non-inter-level travel time spent in this place.
 C = Inter-level travel time spent in this place.
 D = Time resting spent in this place.
 E = Time spent auto-exploring this place.
 F = Levels seen in this place.
 G = Mean time per level.
                   A        B        C        D        E       F      G
               +--------+--------+--------+--------+--------+-----+--------+
         Total |   6824 |   6586 |    238 |   1019 |   4155 |   7 |  974.9 |
       Dungeon |   6707 |   6469 |    238 |   1019 |   4048 |   6 | 1117.8 |
         Abyss |    117 |    117 |      0 |      0 |    107 |   1 |  117.0 |
               +--------+--------+--------+--------+--------+-----+--------+

Top non-repeatable levels by time:
     D:5: 1984 daAuts
     D:3: 1329 daAuts
     D:1: 1115 daAuts
     D:4: 927 daAuts
     D:2: 904 daAuts
     D:6: 445 daAuts
 Abyss:1: 117 daAuts
